 Dungeon Crawl Stone Soup version 0.28.0-53-g5a82cb258f (webtiles) character file.

Game seed: 7601938436955771391

1572 Zeld the Geomancer (level 8, -7/41 HPs)
             Began as a Gargoyle Earth Elementalist on June 2, 2022.
             Killed from afar by Maggie (20 damage)
             ... with a bolt of fire
             ... on level 6 of the Dungeon.
             The game lasted 00:06:40 (6952 turns).

Zeld the Geomancer (Gargoyle Earth Elementalist)    Turns: 6952, Time: 00:06:40

Health: -7/41      AC:  9    Str: 11    XL:     8   Next: 90%
Magic:  1/26       EV: 11    Int: 19    God:
Gold:   66         SH:  0    Dex: 10    Spells: 8/20 levels left

rFire   . . .      SeeInvis .   k - +1 dagger (venom)
rCold   . . .      Faith    .   (no shield)
rNeg    + . .      Spirit   .   b - +0 robe
rPois   ∞          Reflect  .   (no helmet)
rElec   +          Harm     .   t - +0 cloak
rCorr   .          Rampage  .   (no gloves)
Will    .....                   j - +0 pair of boots
Stlth   ++........              (no amulet)
HPRegen 0.13/turn               w - ring of magical power
MPRegen 0.20/turn               (no ring)

@: mesmerised
A: sickness immunity, AC +5, negative energy resistance 1, electricity
resistance, torment resistance 1, petrification resistance
a: no special abilities


You were on level 6 of the Dungeon.
You visited 1 branch of the dungeon, and saw 6 of its levels.

You collected 232 gold pieces.
You spent 166 gold pieces at shops.

Inventory:

Hand Weapons
 k - a +1 dagger of venom (weapon)
Missiles
 a - 100 arrows
 c - 51 stones
Armour
 b - a +0 robe (worn)
 j - a +0 pair of boots (worn)
 t - a +0 cloak (worn)
Jewellery
 s - a ring of flight
 w - a ring of magical power (left hand)
Wands
 l - a wand of flame (20)
Scrolls
 d - a scroll of magic mapping
 f - a scroll of silence
 h - 3 scrolls of teleportation
 m - 2 scrolls of enchant weapon {unknown}
 q - a scroll of fear {unknown}
 v - a scroll of amnesia {unknown}
Potions
 i - 3 potions of curing {unknown}
 n - 2 potions of heal wounds {unknown}
 o - 2 potions of haste
 p - a potion of cancellation {unknown}
 r - 2 potions of invisibility {unknown}
 u - 2 potions of brilliance {unknown}


   Skills:
 - Level 1.5 Dodging
 - Level 2.1 Stealth
 * Level 6.6 Spellcasting
 + Level 4.2 Conjurations
 - Level 2.0 Transmutations
 * Level 9.0 Earth Magic


You had 8 spell levels left.
You knew the following spells:

 Your Spells              Type           Power      Damage    Failure   Level
a - Sandblast             Erth           80%        2d17      1%          1
b - Passwall              Tmut/Erth      22%        N/A       1%          2
c - Stone Arrow           Conj/Erth      62%        3d10      1%          3
d - Petrify               Tmut/Erth      27%        N/A       11%         4
o - Blink                 Tloc           12%        N/A       16%         2

Your spell library contained the following spells:

 Spells                   Type           Power      Damage    Failure   Level
 Magic Dart               Conj           88%        1d7       1%          1
 Animate Skeleton         Necr           12%        N/A       11%         1
 Pain                     Necr           24%        1d5       11%         1
 Call Imp                 Summ           6%         N/A       16%         2
 Mephitic Cloud           Conj/Pois/Air  11%        N/A       19%         3
 Portal Projectile        Hex/Tloc       12%        N/A       32%         3
 Vampiric Draining        Necr           6%         2d6       32%         3
 Blade Hands              Tmut           6%         N/A       78%         5
 Excruciating Wounds      Necr           3%         N/A       96%         5
 Manifold Assault         Tloc           6%         N/A       96%         5
 Storm Form               Tmut/Air       5%         N/A       100%        7


Dungeon Overview and Level Annotations

Branches:
Dungeon (6/15)
 Temple: D:4-7

Altars:
Elyvilon
Nemelex Xobeh
Xom

Shops:
D:2 [   D:5 ?   D:6 *

Annotations:
D:6 Maggie


Innate Abilities, Weirdness & Mutations

You are immune to sickness and miasma.
Your stone body is resilient. (AC +5)
You are immune to poison.
You resist negative energy. (rN+)
You are resistant to electric shocks. (rElec)
You are resistant to unholy torment.
You are immune to petrification.


Message History

Press: ? - help, Shift-Dir - straight line, f/p - Maggie
Aim: Maggie, wielding a +0 war axe and wearing +0 steam dragon scales (lightly wounded, mesmerising, 68% to hit)
The puff of flame hits Maggie.
Maggie is moderately wounded.
Maggie points at you and mumbles some strange words.
The bolt of fire hits you!!
Ouch! That really hurt!
Casting: Stone Arrow (safe; 1% risk of failure)
Confirm with . or Enter, or press ? or * to list all spells.
Aiming: Stone Arrow (safe; 1% risk of failure)
Press: ? - help, Shift-Dir - straight line, f/p - Maggie
Aim: Maggie, wielding a +0 war axe and wearing +0 steam dragon scales (moderately wounded, mesmerising, 74% to hit)
The stone arrow hits Maggie!
Maggie is heavily wounded.
Unknown command.
Casting: Stone Arrow (safe; 1% risk of failure)
Confirm with . or Enter, or press ? or * to list all spells.
Aiming: Stone Arrow (safe; 1% risk of failure)
Press: ? - help, Shift-Dir - straight line, f/p - Maggie
Aim: Maggie, wielding a +0 war axe and wearing +0 steam dragon scales (heavily wounded, mesmerising, 74% to hit)
The stone arrow hits Maggie.
Maggie is heavily wounded.
Unknown command.
Casting: Stone Arrow (safe; 1% risk of failure)
Confirm with . or Enter, or press ? or * to list all spells.
Aiming: Stone Arrow (safe; 1% risk of failure)
Press: ? - help, Shift-Dir - straight line, f/p - Maggie
Aim: Maggie, wielding a +0 war axe and wearing +0 steam dragon scales (heavily wounded, mesmerising, 74% to hit)
The stone arrow hits Maggie!
Maggie is severely wounded.
Your magical contamination has completely faded away.
Casting: Stone Arrow (safe; 1% risk of failure)
Confirm with . or Enter, or press ? or * to list all spells.
Aiming: Stone Arrow (safe; 1% risk of failure)
Press: ? - help, Shift-Dir - straight line, f/p - Maggie
Aim: Maggie, wielding a +0 war axe and wearing +0 steam dragon scales (severely wounded, mesmerising, 74% to hit)
The stone arrow misses Maggie.
Maggie casts a spell at you. The bolt of fire hits you!!
You die...

##.## #.# #.# #).# #.#
#.# ##)# #.# #.# #)##
#.# #.# #..# #.# ##.## #
##.###.# #.... #..
#..##.# #..##
#...)#####.##.######..##
.....)@@................
#######.###.#.######...#
#.# #...# #.... #.#
##..# #...# #########
#.# #..# ####...#
...))...# #.# #.>#
#......# #######.# #.#
##.# #.##..## #.# #.#
#.# #.##..# #.# #.#
#.##..#


You could see Maggie (mesmerising).

Vanquished Creatures
  Sigmund (D:5)
  A black bear (D:5)
  A necrophage (D:6)
  2 ogres
  A centaur (D:5)
  2 water moccasin zombies
  2 scorpions
  3 wights
  A centaur zombie (D:6)
  2 bullfrog zombies
  3 orc priests
  A bullfrog skeleton (D:5)
  2 hounds
  A scorpion zombie (D:5)
  6 orc wizards
  6 gnolls
  6 adders
  An ufetubus (D:5)
  A dart slug (D:1)
  16 orcs
  10 ball pythons
  5 endoplasms
  2 giant cockroaches (D:1)
  3 goblins
  5 hobgoblins
  7 jackals
  A quokka (D:5)
  A bat (D:3)
  3 frilled lizards
  4 kobolds
  4 rats
104 creatures vanquished.

Notes
Turn   | Place    | Note
-------+----------+-------------------------------------------
     0 | D:1      | Zeld the Gargoyle Earth Elementalist began the quest for
                  | the Orb.
     0 | D:1      | Reached XP level 1. HP: 10/10 MP: 3/3
   150 | D:1      | Found a faded altar of an unknown god.
   351 | D:1      | Reached skill level 1 in Transmutations
   351 | D:1      | Reached XP level 2. HP: 6/15 MP: 0/5
   370 | D:1      | Reached skill level 4 in Earth Magic
   581 | D:1      | Learned a level 2 spell: Passwall
   914 | D:2      | Found Dozar's Armour Shoppe.
  1058 | D:2      | Reached XP level 3. HP: 10/19 MP: 0/6
  1064 | D:2      | Learned a level 3 spell: Stone Arrow
  1996 | D:3      | Reached XP level 4. HP: 14/24 MP: 6/8
  2570 | D:3      | Reached skill level 5 in Earth Magic
  2570 | D:3      | Reached XP level 5. HP: 24/28 MP: 5/9
  2808 | D:3      | Learned a level 4 spell: Petrify
  3289 | D:4      | Found a sparkling altar of Nemelex Xobeh.
  3569 | D:4      | Found a shimmering altar of Xom.
  3598 | D:4      | Reached XP level 6. HP: 23/32 MP: 8/11
  3696 | D:4      | Learned a level 2 spell: Blink
  3774 | D:4      | Reached skill level 1 in Conjurations
  3774 | D:4      | Reached skill level 6 in Earth Magic
  4298 | D:5      | Entered Level 5 of the Dungeon
  4311 | D:5      | Reached XP level 7. HP: 26/36 MP: 1/13
  4578 | D:5      | Reached skill level 7 in Earth Magic
  4664 | D:5      | Reached skill level 5 in Spellcasting
  4963 | D:5      | Found a white marble altar of Elyvilon.
  5000 | D:5      | Noticed Sigmund
  5060 | D:5      | Found Jedurgho's Magic Scroll Emporium.
  5128 | D:5      | Killed Sigmund
  5129 | D:5      | Reached XP level 8. HP: 31/41 MP: 9/16
  5132 | D:5      | Bought a scroll of identify for 22 gold pieces
  5332 | D:5      | Reached skill level 8 in Earth Magic
  5972 | D:6      | Found Ukhyar's General Store.
  6017 | D:6      | Bought a potion of haste for 120 gold pieces
  6017 | D:6      | Bought a scroll of identify for 24 gold pieces
  6942 | D:6      | Reached skill level 9 in Earth Magic
  6943 | D:6      | Noticed Maggie
  6952 | D:6      | Killed from afar by Maggie

Illustrated notes

Levels and vault maps discovered:
D:1:      giann_forest_graveyard, layout_loops_ring,
          hellmonk_ecumenical_altar_zigzags, amethyst_killhole,
          minmay_indecisive_spiral
D:2:      layout_rooms, serial_shops,
          nicolae_shop_temple_entry_statues_fountains, minivault_4, fountainhead
D:3:      layout_basic, corexii_shack
D:4:      layout_basic, lemuel_doored_altar, mainiacjoe_overflow_24_doors
D:5:      layout_basic, elyvilon_altar_1, serial_shops,
          nicolae_shop_hallway_stairs, portal_sewer_entry_d,
          hangedman_abyss_or_decor_passed, uniq_sigmund
D:6:      layout_basic, serial_shops, nicolae_shop_waterfront,
          nicolae_shop_gadgets, uniq_maggie

Skill      XL: |  1  2  3  4  5  6  7  8 |
---------------+-------------------------+-----
Transmutations | 1 2 |  2.0
Earth Magic    | 4 5 6 7 9 |  9.0
Spellcasting   | 3 4 5 6 |  6.6
Conjurations   | 1 3 4 |  4.2
Dodging        | |  1.5
Stealth        | |  2.1

Action                   |  1- 3 |  4- 6 |  7- 9 || total
-------------------------+-------+-------+-------++-------
Melee: Unarmed           |    28 |       |       ||    28
       Punch             |     1 |       |       ||     1
       Dagger            |    19 |    58 |    30 ||   107
 Cast: Sandblast         |    33 |    39 |    18 ||    90
       Stone Arrow       |       |       |    58 ||    58
Evoke: Wand              |       |       |     2 ||     2
  Use: Scroll            |       |       |     4 ||     4
 Stab: Sleeping          |       |     2 |       ||     2
Armor: Robe              |    28 |    27 |    53 ||   108
Dodge: Dodged            |    46 |    58 |    43 ||   147
